 Dungeon Crawl Stone Soup version 0.28-a0-1616-g050a50673c (webtiles) character file.

Game seed: 3604616359228041963

13035 lorenzova the Thaumaturge (level 11, -3/54 HPs)
             Began as a Deep Elf Conjurer on Jan 22, 2022.
             Was a Believer of Vehumet.
             Killed from afar by a rime drake (26 damage)
             ... with a flash freeze
             ... on level 2 of the Lair of Beasts.
             The game lasted 00:38:45 (16055 turns).

lorenzova the Thaumaturge (Deep Elf Conjurer)      Turns: 16055, Time: 00:38:45

Health: -3/54      AC: 15    Str:  4    XL:     11   Next: 70%
Magic:  32/40      EV: 12    Int: 28    God:    Vehumet [**....]
Gold:   560        SH:  0    Dex: 13    Spells: 24/38 levels left

rFire   . . .      SeeInvis .   K - staff of poison
rCold   . . .      Faith    .   (no shield)
rNeg    . . .      Spirit   .   R - +0 steam dragon scales
rPois   +          Reflect  .   n - +1 helmet
rElec   .          Harm     .   r - +0 cloak
rCorr   .          Rampage  .   (no gloves)
Will    +....                   I - +2 pair of boots
Stlth   ++........              (no amulet)
HPRegen 0.18/turn               c - +4 ring of protection
MPRegen 0.27/turn               i - ring of magical power

@: no status effects
A: no striking features
a: Renounce Religion


You were on level 2 of the Lair of Beasts.
You worshipped Vehumet.
Vehumet was pleased with you.
You visited 3 branches of the dungeon, and saw 13 of its levels.
You also visited: Sewer.

You collected 695 gold pieces.
You spent 135 gold pieces at shops.

Inventory:

Hand Weapons
 l - a +2 mace of draining
 q - a +2 quarterstaff of chaos
 v - a +3 spear of freezing
Missiles
 G - 3 throwing nets
Armour
 n - a +1 helmet (worn)
 r - a +0 cloak (worn)
 F - a +3 ring mail of poison resistance
 I - a +2 pair of boots (worn)
 J - +0 acid dragon scales
 R - +0 steam dragon scales (worn)
Magical Staves
 K - a staff of poison (weapon)
Jewellery
 c - a +4 ring of protection (left hand)
 i - a ring of magical power (right hand)
 y - a ring of protection from fire
Wands
 m - a wand of paralysis (8)
 M - a wand of iceblast (4)
 P - a wand of acid (3)
Scrolls
 d - 4 scrolls of teleportation
 g - 2 scrolls of brand weapon {unknown}
 h - a scroll of immolation {unknown}
 j - 2 scrolls of holy word {unknown}
 p - 2 scrolls of enchant weapon {unknown}
 s - 5 scrolls of fear {unknown}
 t - a scroll of silence {unknown}
 w - 3 scrolls of enchant armour {unknown}
 D - a scroll of summoning {unknown}
 S - a scroll of fog {unknown}
Potions
 a - a potion of cancellation {unknown}
 b - 3 potions of curing
 e - 3 potions of haste
 k - 2 potions of mutation
 o - a potion of resistance {unknown}
 u - 2 potions of ambrosia {unknown}
 z - a potion of attraction {unknown}
 A - 4 potions of lignification {unknown}
 B - 3 potions of flight
 C - a potion of might {unknown}
 E - a potion of degeneration {unknown}
 L - a potion of magic {unknown}
 O - a potion of brilliance {unknown}


   Skills:
 - Level 2.4 Dodging
 - Level 2.4 Stealth
 * Level 14.0 Spellcasting
 * Level 12.4 Conjurations
 + Level 8.8 Hexes
 - Level 6.0 Translocations
 * Level 8.2 Fire Magic


You had 24 spell levels left.
You knew the following spells:

 Your Spells              Type           Power      Damage    Failure   Level
a - Magic Dart            Conj           100%       1d8       0%          1
b - Searing Ray           Conj           100%       2d8       1%          2
c - Iskenderun's Mystic   Conj/Tloc      63%        2d13      1%          4
d - Fulminant Prism       Conj/Hex       34%        3d16      1%          4
e - Foxfire               Conj/Fire      100%       2x1d9     1%          1
p - Blink                 Tloc           100%       N/A       1%          2

Your spell library contained the following spells:

 Spells                   Type           Power      Damage    Failure   Level
 Scorch                   Fire           100%       2d10      1%          2
 Apportation              Tloc           100%       N/A       1%          1
 Dazzling Flash           Conj/Hex       100%       N/A       1%          3
 Lesser Beckoning         Tloc           52%        N/A       1%          3
 Manifold Assault         Tloc           52%        N/A       6%          5
 Metabolic Englaciation   Hex/Ice        22%        N/A       12%         5
 Petrify                  Tmut/Erth      19%        N/A       26%         4
 Alistair's Intoxication  Tmut/Pois      19%        N/A       58%         5
 Statue Form              Tmut/Erth      12%        N/A       99%         6


Dungeon Overview and Level Annotations

Branches:
Dungeon (10/15)            Temple (1/1) D:5            Lair (2/6) D:8
 Shoals (0/4) Lair:2        Sewer (visited)
  Snake: Lair:2-4    Spider: Lair:2-4       Orc: D:9-12

Altars:
Ashenzari
Cheibriados
Dithmenos
Elyvilon
Fedhas
Hepliaklqana
Makhleb
Okawaru
Qazlal
Sif Muna
Trog
Uskayaw
Vehumet
Xom
Yredelemnul
Zin
The Shining One

Shops:
D:6 =   D:7 (   D:8 [


Message History

You conjure a prism of explosive energy!
A fulminant prism comes into view.
Your fulminant prism crackles loudly.
The flash freeze hits your fulminant prism!!
Your fulminant prism partially resists.
Your fulminant prism is flash-frozen.
Your fulminant prism explodes!
Unknown command.
You start resting.
Magic restored.
You start resting.
A rime drake comes into view.
Casting: Fulminant Prism (safe; 1% risk of failure)
Confirm with . or Enter, or press ? or * to list all spells.
Aiming: Searing Ray (safe; 1% risk of failure)
Press: ? - help, Shift-Dir - straight line, f - rime drake
Aim: a rime drake (wandering, hasn't noticed you, 79% to hit)
The searing ray misses the rime drake. (Press . to maintain the ray.)
The rime drake hisses angrily.
Unknown command.
The searing ray hits the rime drake.
The rime drake is lightly wounded.
The rime drake breathes ice at you. The flash freeze hits you!
You are encased in ice.
The searing ray hits the rime drake.
The rime drake is lightly wounded.
The searing ray hits the rime drake.
The rime drake is moderately wounded.
You finish channelling your searing ray.
The rime drake bites you but does no damage.
Casting: Searing Ray (safe; 1% risk of failure)
Confirm with . or Enter, or press ? or * to list all spells.
You erupt in a blast of force!
The mystic blast hits the rime drake!!
The rime drake is almost dead.
The rime drake is knocked back by the mystic blast.
The ice encasing you melts away. The rime drake breathes ice at you.
The flash freeze hits you!!
You die...

## #.#≈≈≈#####≈≈≈#(.#...........
## #.####'≈≈≈#####.#.#..........
.####...#≈≈≈>≈≈≈#...##.†.........
...(..#####≈≈≈'####.##...........
###...#≈≈≈#####≈≈≈#..###.####.###
##..#≈≈≈#≈≈≈#≈≈≈#.## ### ##
#..#≈≈≈#≈≈≈#≈≈≈#.P#
#..'###≈≈≈≈≈####.##
#.....#######@..k# ####P## ###.##
### ###


You could see a rime drake (catching breath).

Vanquished Creatures
  Harold (Lair:1)
  A hydra (Lair:1)
  A two-headed ogre (D:10)
  4 centaur zombies
  A black mamba (Lair:2)
  2 cane toads
  Maggie (D:10)
  An unseen horror (D:10)
  4 rime drakes (Lair:2)
  6 yaks (D:10)
  A shadow (D:10)
  Sigmund (D:2)
  A wraith (D:10)
  A wyvern (Lair:1)
  A basilisk (Lair:2)
  4 vampire mosquitoes (D:10)
  2 steam dragons
  A human (D:5)
  Edmund (D:6)
  2 nagas (Lair:2)
  9 water moccasins
  An acid dragon (D:9)
  Pargi (Sewer)
  An orc warrior (D:10)
  4 sky beasts
  3 ogres
  3 black bears
  12 wolves (Lair:2)
  A necrophage (D:7)
  A centaur (D:7)
  2 phantoms (D:6)
  A kobold brigand (D:9)
  2 gnoll sergeants
  5 bullfrogs
  2 scorpions
  5 killer bees (D:5)
  3 water moccasin skeletons
  An electric eel (Lair:1)
  2 jellies
  6 hounds
  A bullfrog skeleton (D:2)
  Crazy Yiuf (D:2)
  3 centaur skeletons
  An orc priest (D:10)
  4 iguanas
  3 orc wizards
  A howler monkey zombie (D:8)
  Robin (D:2)
  A howler monkey skeleton (D:7)
  17 gnolls
  5 adders
  A river rat (D:5)
  A shadow imp (D:6)
  2 white imps (D:7)
  An ufetubus (D:5)
  2 adder skeletons (D:4)
  6 worms
  3 dart slugs
  14 orcs
  5 bats
  9 endoplasms
  4 giant cockroaches
  12 goblins
  12 hobgoblins
  4 jackals
  8 kobolds
  6 quokkas
  7 ball pythons
  6 frilled lizards
  A goblin zombie (D:5)
  4 rats
248 creatures vanquished.

Vanquished Creatures (others)
  58 fulminant prisms
  8 fungi
  15 plants
81 creatures vanquished.

Grand Total: 329 creatures vanquished

Notes
Turn   | Place    | Note
-------+----------+-------------------------------------------
     0 | D:1      | lorenzova the Deep Elf Conjurer began the quest for the
                  | Orb.
     0 | D:1      | Reached XP level 1. HP: 10/10 MP: 6/6
   378 | D:1      | Reached XP level 2. HP: 14/15 MP: 3/8
   433 | D:1      | Learned a level 2 spell: Searing Ray
  1417 | D:2      | Found a shadowy altar of Dithmenos.
  1428 | D:2      | Reached skill level 4 in Spellcasting
  1428 | D:2      | Reached skill level 5 in Conjurations
  1428 | D:2      | Reached XP level 3. HP: 19/19 MP: 10/10
  1622 | D:2      | Reached XP level 4. HP: 24/24 MP: 12/12
  1749 | D:2      | Found a runed translucent door.
  1750 | D:2      | Noticed Crazy Yiuf
  1849 | D:2      | Noticed Robin
  1905 | D:2      | Killed Robin
  1906 | D:2      | Reached skill level 5 in Spellcasting
  2234 | D:2      | Found a faded altar of an unknown god.
  2624 | D:2      | Noticed Sigmund
  2806 | D:2      | Killed Crazy Yiuf
  2807 | D:2      | Reached XP level 5. HP: 17/28 MP: 14/14
  3086 | D:3      | Reached skill level 6 in Spellcasting
  3212 | D:3      | Reached XP level 6. HP: 31/32 MP: 17/17
  3256 | D:3      | Learned a level 4 spell: Iskenderun's Mystic Blast
  3261 | D:3      | Learned a level 4 spell: Fulminant Prism
  4035 | D:4      | Reached skill level 1 in Hexes
  4035 | D:4      | Reached skill level 1 in Translocations
  4201 | D:4      | Reached skill level 7 in Spellcasting
  4348 | D:4      | Reached XP level 7. HP: 17/36 MP: 19/19
  5282 | D:5      | Entered Level 5 of the Dungeon
  5394 | D:5      | Found a glowing drain.
  5432 | Sewer    | Entered a sewer
  5492 | Sewer    | Noticed Pargi
  5505 | Sewer    | Killed Pargi
  5506 | Sewer    | Reached skill level 8 in Spellcasting
  5728 | D:5      | Found a staircase to the Ecumenical Temple.
  5801 | Temple   | Entered the Ecumenical Temple
  5815 | Temple   | Became a worshipper of Vehumet
  5884 | D:5      | Found a snail-covered altar of Cheibriados.
  6139 | D:5      | Noticed an angel
  6141 | D:5      | Found a shimmering altar of Xom.
  6143 | D:5      | Found a glowing silver altar of Zin.
  6173 | D:5      | Reached XP level 8. HP: 41/41 MP: 22/22
  6700 | D:5      | Reached skill level 9 in Spellcasting
  6742 | D:5      | Found a runed translucent door.
  6744 | D:5      | Found a basalt altar of Yredelemnul.
  7048 | D:2      | Killed Sigmund
  7210 | D:6      | Found Duahukka's Jewellery Shop.
  7433 | D:6      | Noticed Edmund
  7664 | D:6      | Reached skill level 10 in Spellcasting
  7664 | D:6      | Reached skill level 5 in Hexes
  7664 | D:6      | Reached XP level 9. HP: 45/45 MP: 25/25
  7973 | D:6      | Killed Edmund
  8095 | D:6      | Reached * piety under Vehumet
  8095 | D:6      | Offered knowledge of Foxfire by Vehumet.
  8121 | D:6      | Learned a level 1 spell: Foxfire
  8431 | D:6      | Reached skill level 1 in Fire Magic
  8770 | D:6      | Found a bloodstained altar of Trog.
  9176 | D:7      | Found Ymme's Weapon Shop.
  9458 | D:7      | Reached skill level 5 in Translocations
  9500 | D:7      | Reached skill level 11 in Spellcasting
  9562 | D:7      | Reached skill level 10 in Conjurations
  9595 | D:7      | Found a shimmering blue altar of Sif Muna.
  9595 | D:7      | Found a stormy altar of Qazlal.
  9603 | D:7      | Found a blossoming altar of Fedhas.
  9605 | D:7      | Found a white marble altar of Elyvilon.
  9607 | D:7      | Found a faded altar of an unknown god.
  9951 | D:7      | Noticed a centaur warrior
 10488 | D:8      | Offered knowledge of Poisonous Vapours by Vehumet.
 10544 | D:8      | Found a staircase to the Lair.
 10614 | D:8      | Found Poroth's Antique Armour Shop.
 10621 | D:8      | Reached XP level 10. HP: 50/50 MP: 27/27
 10630 | D:8      | Bought a pair of embroidered boots for 135 gold pieces
 11149 | D:9      | Found a hazy altar of Hepliaklqana.
 11661 | D:10     | Entered Level 10 of the Dungeon
 11666 | D:10     | Reached ** piety under Vehumet
 11706 | D:10     | Reached skill level 5 in Fire Magic
 11935 | D:10     | Found a burning altar of Makhleb.
 12023 | D:10     | Found a hide-covered altar of Uskayaw.
 12285 | D:10     | Noticed a two-headed ogre
 12302 | D:10     | Killed a two-headed ogre
 12303 | D:10     | Reached skill level 12 in Spellcasting
 12623 | D:10     | Noticed Maggie
 12636 | D:10     | Killed Maggie
 13176 | D:10     | Learned a level 2 spell: Blink
 13236 | Lair:1   | Entered Level 1 of the Lair of Beasts
 13388 | Lair:1   | Reached XP level 11. HP: 54/54 MP: 28/29
 13530 | Lair:1   | Noticed Harold
 13775 | Lair:1   | Noticed a four-headed hydra
 13785 | Lair:1   | Killed a four-headed hydra
 13786 | Lair:1   | Reached skill level 13 in Spellcasting
 14764 | Lair:1   | Killed Harold
 15766 | Lair:2   | Found a staircase to the Shoals.
 15924 | Lair:2   | Offered knowledge of Scorch by Vehumet.
 15928 | Lair:2   | Reached skill level 14 in Spellcasting
 16055 | Lair:2   | Killed from afar by a rime drake

Illustrated notes

Levels and vault maps discovered:
D:1:      zelgadis_glass_arrival_small, layout_basic, minmay_indecisive_spiral
D:2:      layout_loops_ring, shapermc_ecumenical_altar_mp_highgroup,
          basic_altar, uniq_robin, uniq_crazy_yiuf_cottage, uniq_sigmund
D:3:      layout_rooms
D:4:      layout_loops_ring
D:5:      layout_loops_ring, grunt_temple_overflow_order_and_chaos_1,
          slow_altar_1, dk_yredelemnul_ordeal, temple_hall_moat,
          cheibrodos_sewer_entry_sluice
D:6:      layout_layer_cave, trog_ov_bears_minmay, serial_shops,
          nicolae_shop_statue_plus, chequers_serial_rivers_micro_e,
          nicolae_concentric_dashed_squares_wild, uniq_edmund
D:7:      layout_basic, chequers_temple_overflow_minitemple, serial_shops,
          nicolae_shop_bloodbath_and_beyond, minmay_misc_feat_x,
          minmay_three_doors
D:8:      layout_rooms, lair_entry_dummy, serial_shops,
          nicolae_shop_temple_entry_statues_fountains, serial_curves,
          eino_curves_03, eino_curves_03
D:9:      layout_roguey, amcnicky_altar_gilded, serial_glass, glass_columns_b,
          glass_columns_a
D:10:     layout_loops_ring, mainiacjoe_overflow_alcove_1, bloody_makhleb,
          uniq_maggie
Temple:   zaba_magenta_temple
Lair:1:   layout_layer_cave, serial_bayou_ford_a, uniq_harold
Lair:2:   layout_small_grid, elwin_shoals_entry_rooms,
          guppyfry_snake_entry_garden, bobbens_dragon_lair_wall

Skill      XL: |  1  2  3  4  5  6  7  8  9 10 11 |
---------------+----------------------------------+-----
Spellcasting   | 4 5 6 7 8 10 11 12 14 | 14.0
Conjurations   | 5 6 7 9 10 11 12 | 12.4
Hexes          | 2 3 5 6 7 8 |  8.8
Translocations | 1 2 4 5 6 |  6.0
Fire Magic     | 4 6 8 |  8.2
Dodging        | |  2.4
Stealth        | |  2.4

Action                   |  1- 3 |  4- 6 |  7- 9 | 10-12 || total
-------------------------+-------+-------+-------+-------++-------
Melee: Spear             |       |     8 |    10 |       ||    18
 Cast: Magic Dart        |    60 |   118 |   166 |    40 ||   384
       Searing Ray       |       |    19 |    48 |    37 ||   104
       Iskenderun's Myst |       |       |    13 |    20 ||    33
       Fulminant Prism   |       |       |    11 |    47 ||    58
  Use: Scroll            |       |       |     7 |     4 ||    11
Armor: Robe              |     1 |       |       |       ||     1
       Animal skin       |       |    14 |    25 |    10 ||    49
       Steam dragon scal |       |       |       |    26 ||    26
Dodge: Dodged            |     2 |    10 |    38 |    44 ||    94

Table legend: (Time is in decaauts)
 A = Elapsed time spent in this place.
 B = Non-inter-level travel time spent in this place.
 C = Inter-level travel time spent in this place.
 D = Time resting spent in this place.
 E = Time spent auto-exploring this place.
 F = Levels seen in this place.
 G = Mean time per level.
                   A        B        C        D        E       F      G
               +--------+--------+--------+--------+--------+-----+--------+
         Total |  16130 |  15571 |    559 |   6429 |   6334 |  14 | 1152.1 |
       Dungeon |  12994 |  12493 |    501 |   5335 |   5156 |  10 | 1299.4 |
        Temple |     27 |     15 |     12 |      0 |      7 |   1 |   27.0 |
          Lair |   2839 |   2794 |     45 |   1029 |   1091 |   2 | 1419.5 |
         Sewer |    268 |    268 |      0 |     65 |     79 |   1 |  268.0 |
               +--------+--------+--------+--------+--------+-----+--------+

Top non-repeatable levels by time:
     D:6: 2173 daAuts
     D:2: 1850 daAuts
  Lair:1: 1723 daAuts
     D:5: 1559 daAuts
    D:10: 1484 daAuts
     D:1: 1406 daAuts
     D:4: 1354 daAuts
  Lair:2: 1115 daAuts
     D:3: 847 daAuts
     D:7: 816 daAuts
     D:9: 813 daAuts
     D:8: 687 daAuts
   Sewer: 268 daAuts
  Temple: 27 daAuts
